 Dungeon Sprint DCSS version 0.23.2-1-ga50397a6bc (webtiles) character file.

Game seed: 14963883748541806399

4976 Kobolds4U the Imperceptible (level 10, 0/56 HPs)
             Began as a Spriggan Assassin on May 28, 2019.
             Was a Follower of Sif Muna.
             Slain by Sonja
             ... wielding a +2 short sword of distortion
              (5 damage)
             ... in the Dungeon (Sprint I: "Red Sonja").
             The game lasted 00:06:02 (648 turns).

Kobolds4U the Imperceptible (Spriggan Assassin)      Turns: 648, Time: 00:06:02

Health: 0/56       AC:  4    Str:  7    XL:     10   Next: 29%
Magic:  11/11      EV: 36    Int: 14    God:    Sif Muna [*.....]
Gold:   741        SH:  0    Dex: 20    Spells: 9/9 levels left

rFire    . . .     SeeInvis +   a - +2 dagger
rCold    . . .     Gourm    .   (shield restricted)
rNeg     . . .     Faith    .   c - +0 robe
rPois    .         Spirit   .   (helmet restricted)
rElec    .         Reflect  .   s - +1 cloak
rCorr    .         Harm     .   (gloves unavailable)
MR       +....     NoTele   +   (boots unavailable)
Stlth    ++++++++..             (no amulet)
HPRegen  0.18/turn              (no ring)
MPRegen  0.12/turn              (no ring)

@: very quick
A: very small, unfitting armour, see invisible, herbivore, speed 3, slow
metabolism 2
a: Divine Energy, Renounce Religion


You were in the Dungeon.
You worshipped Sif Muna.
Sif Muna was aware of your devotion.
You were not hungry.

You visited 1 branch You collected 741 gold pieces.

Inventory:

Hand Weapons
 a - a +2 dagger (weapon)
 b - a +0 blowgun
 m - a +0 shortbow
 t - a +0 long sword
Missiles
 q - 36 arrows
Armour
 c - a +0 robe (worn)
 d - a +0 cloak
 s - a +1 cloak (worn)
Scrolls
 n - 2 scrolls of enchant weapon {unknown}
 o - a scroll of enchant armour {unknown}
 p - a scroll of remove curse {unknown}
 r - a scroll of random uselessness {unknown}
Potions
 h - 2 potions of curing
 i - a potion of heal wounds
 j - a potion of haste
 k - 2 potions of magic
 l - a potion of berserk rage
Comestibles
 g - a ration


   Skills:
 - Level 8.0 Fighting
 - Level 2.1 Short Blades
 - Level 3.6 Bows
 - Level 2.0 Throwing
 + Level 20.3 Dodging
 * Level 22.5 Stealth


You had 9 spell levels left.
You didn't know any spells.
Your spell library was empty.

Dungeon Overview and Level Annotations

Branches:
Dungeon (1/1)

Altars:
Cheibriados
Dithmenos
Elyvilon
Fedhas
Gozag
Hepliaklqana
Kikubaaqudgha
Makhleb
Nemelex Xobeh
Okawaru
Qazlal
Ru
Sif Muna
Trog
Uskayaw
Vehumet
Wu Jian
Xom
Yredelemnul
Zin
The Shining One
Jiyva
Lugonu

Shops:
D ([

Annotations:
D Sonja


Innate Abilities, Weirdness & Mutations

You are very small and have problems with some larger weapons.
You are too small for most types of armour.
You have supernaturally acute eyesight. (SInv)
You are a herbivore.
You cover ground extremely quickly.
You need to consume almost no food.


Message History

Press: ? - help, Shift-Dir - straight line, f/p - Sonja
Aim: Sonja, wielding a +2 short sword of distortion (purple smoke, heavily wounded, poisoned)
Okay, then.
a - a +2 dagger (weapon)
Sonja misses you. Sonja completely misses you. x2
You hit Sonja but do no damage.
Sonja is heavily wounded.
Sonja completely misses you. x3
You hit Sonja.
Sonja is heavily wounded.
Sonja completely misses you. x2; Sonja misses you.
You miss Sonja.
Sonja is heavily wounded.
Sonja completely misses you.
Sonja hits you with a +2 short sword of distortion.
* * * LOW HITPOINT WARNING * * *
Space bends around you.
* * * LOW HITPOINT WARNING * * *
Sonja hits you with a +2 short sword of distortion.
You die...

<.#.['..#.)'..#__#..'..)#
..'..#.)'..#..'^.'..#...#
..#####'#####'#__####)..+
..####..#...#.####..#####
.†#__####..##.#§≈§.)#.§#
..#_____##'#_.'§§§.§'§.#
⌠⌠#_.∩...'..._#§§§..#..#
###_..__##_.#'##§#####'###
#_____###+#.#§@§§###.'.#
#########.####K###(###.#
+(.('((...'.∩##.#
#$.$###########.#
##.###.......##§# #+#
#........§§# #+++######§#
#§# +§#


You could see Sonja.

Vanquished Creatures
  2 centaur warriors (D)
  2 unseen horrors (D)
  A deep troll (D)
  An oklob plant (D)
  2 kobold demonologists (D)
  A hornet (D)
  A slime creature (D)
  2 redbacks (D)
  Sigmund (D)
  A yak (D)
  A floating eye (D)
  An ogre (D)
  A jelly (D)
  Ijyb (D)
18 creatures vanquished.

Notes
Turn   | Place    | Note
-------+----------+-------------------------------------------
     0 | D        | Kobolds4U the Spriggan Assassin began the quest for the
                  | Orb.
     0 | D        | Reached XP level 1. HP: 10/10 MP: 2/2
     1 | D        | Noticed Ijyb
     4 | D        | Killed Ijyb
     4 | D        | Reached skill level 10 in Stealth
     4 | D        | Reached XP level 2. HP: 14/14 MP: 3/3
     6 | D        | Noticed an ogre
     9 | D        | Killed an ogre
     9 | D        | Reached skill level 14 in Stealth
     9 | D        | Reached XP level 3. HP: 18/18 MP: 4/4
     9 | D        | Reached XP level 4. HP: 22/22 MP: 5/5
    19 | D        | Noticed Sigmund
    22 | D        | Killed Sigmund
    22 | D        | Reached skill level 17 in Stealth
    22 | D        | Reached XP level 5. HP: 25/25 MP: 6/6
    35 | D        | Found an ornate altar of the Wu Jian Council.
    35 | D        | Found a deep blue altar of Sif Muna.
    37 | D        | Found a radiant altar of Vehumet.
    41 | D        | Reached XP level 6. HP: 30/30 MP: 7/7
    72 | D        | Found Boph's Weapon Emporium.
    72 | D        | Found an ancient bone altar of Kikubaaqudgha.
    72 | D        | Found a hazy altar of Hepliaklqana.
    72 | D        | Found a hide-covered altar of Uskayaw.
    72 | D        | Found a basalt altar of Yredelemnul.
    72 | D        | Found an opulent altar of Gozag.
    72 | D        | Found a snail-covered altar of Cheibriados.
    72 | D        | Found a sacrificial altar of Ru.
    72 | D        | Found a shadowy altar of Dithmenos.
    72 | D        | Noticed a yak
    74 | D        | Found a stormy altar of Qazlal.
    74 | D        | Found a blossoming altar of Fedhas.
    74 | D        | Found a bloodstained altar of Trog.
    74 | D        | Found an iron altar of Okawaru.
    74 | D        | Found a glowing silver altar of Zin.
   109 | D        | Killed a yak
   109 | D        | Reached skill level 18 in Stealth
   138 | D        | Found a glowing golden altar of the Shining One.
   138 | D        | Found a white marble altar of Elyvilon.
   140 | D        | Found a sparkling altar of Nemelex Xobeh.
   152 | D        | Became a worshipper of Sif Muna the Loreminder
   158 | D        | Found a burning altar of Makhleb.
   158 | D        | Found a viscous altar of Jiyva.
   158 | D        | Found a shimmering altar of Xom.
   158 | D        | Found a corrupted altar of Lugonu.
   158 | D        | Noticed a slime creature
   161 | D        | Killed a slime creature
   161 | D        | Reached skill level 10 in Dodging
   161 | D        | Reached skill level 19 in Stealth
   161 | D        | Reached XP level 7. HP: 33/33 MP: 8/8
   173 | D        | Noticed a kobold demonologist
   174 | D        | Noticed a kobold demonologist
   176 | D        | Reached skill level 20 in Stealth
   178 | D        | Killed a kobold demonologist
   180 | D        | Killed a kobold demonologist
   180 | D        | Reached XP level 8. HP: 42/42 MP: 9/9
   200 | D        | Noticed a centaur warrior
   201 | D        | Noticed a centaur warrior
   202 | D        | Killed a centaur warrior
   203 | D        | Killed a centaur warrior
   203 | D        | Reached XP level 9. HP: 50/50 MP: 10/10
   231 | D        | Noticed an oklob plant
   233 | D        | Killed an oklob plant
   233 | D        | Reached * piety under Sif Muna
   274 | D        | Noticed an unseen horror
   274 | D        | Noticed an unseen horror
   280 | D        | Killed an unseen horror
   280 | D        | Reached skill level 21 in Stealth
   280 | D        | Reached XP level 10. HP: 56/56 MP: 11/11
   336 | D        | Killed an unseen horror
   565 | D        | Noticed a deep troll
   567 | D        | Killed a deep troll
   567 | D        | Reached skill level 22 in Stealth
   578 | D        | Found Asmaopn's Armour Emporium.
   600 | D        | Noticed Sonja
   648 | D        | Slain by Sonja

Skill      XL: |  1  2  3  4  5  6  7  8  9 10 |
---------------+-------------------------------+-----
Stealth        | 10 14 17 19 20 21 22 | 22.5
Dodging        | 7 10 14 18 19 20 | 20.3
Fighting       | 4 7 8 |  8.0
Bows           | 3 |  3.6
Short Blades   | |  2.1
Throwing       | |  2.0

Action                   |  1- 3 |  4- 6 |  7- 9 | 10-12 || total
-------------------------+-------+-------+-------+-------++-------
Melee: Dagger            |     2 |     4 |    10 |    36 ||    52
 Fire: Blowgun           |       |     9 |       |    16 ||    25
  Use: Scroll            |       |       |     1 |       ||     1
 Stab: Sleeping          |     2 |     3 |    10 |     1 ||    16
Armor: Robe              |       |       |       |     1 ||     1
Dodge: Dodged            |       |       |       |    94 ||    94
